 Dungeon Crawl Stone Soup version 0.31-a0-236-g9a0961fb85 (webtiles) character file.

Game seed: 14699288649473026295

208 promet the Poker (level 5, -5/38 HPs)
             Began as a Gnoll Wanderer on July 10, 2023.
             Slain by Duvessa
             ... wielding a +0 rapier
              (10 damage)
             ... on level 4 of the Dungeon.
             The game lasted 00:17:43 (3892 turns).

promet the Poker (Gnoll Wanderer)                   Turns: 3892, Time: 00:17:44

Health: -5/38      AC: 16    Str: 11    XL:     5   Next: 86%
Magic:  9/9        EV:  7    Int: 11    God:
Gold:   206        SH:  0    Dex: 14    Spells: 9/10 levels left

rFire   + . .        a - +0 trident
rCold   . . .        (no shield)
rNeg    . . .        m - +4 chain mail of the Shining One's Envy {Drain Fly rF+ Will+}
rPois   .            (no helmet)
rElec   .            k - +0 cloak
rCorr   .            (no gloves)
SInv    .            j - +1 pair of boots
Will    ++...        g - amulet of regeneration Stlth
                     (no ring)
HPRegen 1.06/turn    (no ring)
MPRegen 0.11/turn

%: no passive effects
@: attractive, enlightened, flying
A: fangs 1, strong nose, distributed training
a: no special abilities


You were on level 4 of the Dungeon.
You visited 1 branch of the dungeon, and saw 4 of its levels.

You collected 206 gold pieces.

Inventory:

Hand Weapons
 a - a +0 trident (weapon)
 b - a +0 sling
 c - a +0 rapier
 q - the +1 dagger of Prudence {heavy, *Noise rC++ Stlth+}
   (You found it on level 3 of the Dungeon)

   rC:        It greatly protects you from cold.
   *Noise:    It may make noises in combat.
   Stlth:     It makes you more stealthy.
Missiles
 l - 5 poisoned darts (quivered)
 n - 17 stones
Armour
 j - a +1 pair of boots (worn)
 k - a +0 cloak (worn)
 m - the +4 chain mail of the Shining One's Envy (worn) {Drain Fly rF+ Will+}
   (You took it off a hobgoblin on level 3 of the Dungeon)

   rF:        It protects you from fire.
   Fly:       It grants you flight.
   Drain:     It drains your maximum health when unequipped.
   Will:      It increases your willpower.
Jewellery
 g - an amulet of regeneration (around neck)
 r - an amulet of guardian spirit
Scrolls
 d - 2 scrolls of vulnerability
 p - 2 scrolls of enchant armour
 s - a scroll of fog
Potions
 e - 2 potions of resistance
 f - a potion of curing {unknown}
 h - 2 potions of brilliance
 i - 4 potions of enlightenment
 o - a potion of invisibility {unknown}


   Skills:
 + Level 1.7 Fighting
 + Level 1.7 Short Blades
 + Level 1.7 Long Blades
 + Level 1.7 Axes
 + Level 1.7 Maces & Flails
 + Level 6.7 Polearms
 + Level 1.7 Staves
 + Level 1.7 Ranged Weapons
 + Level 1.7 Throwing
 + Level 3.1 Armour
 + Level 4.9 Dodging
 + Level 1.7 Stealth
 + Level 1.7 Shields
 + Level 1.7 Unarmed Combat
 + Level 3.3 Spellcasting
 + Level 1.3 Conjurations
 + Level 1.3 Hexes
 + Level 1.3 Summonings
 + Level 1.3 Necromancy
 + Level 1.3 Translocations
 + Level 1.3 Transmutations
 + Level 1.3 Fire Magic
 + Level 1.3 Ice Magic
 + Level 1.3 Air Magic
 + Level 4.0 Earth Magic
 + Level 1.3 Poison Magic
 + Level 3.2 Invocations
 + Level 1.7 Evocations


You had 9 spell levels left.
You knew the following spells:

 Your Spells              Type           Power      Damage    Failure   Level
a - Sandblast             Erth           20%        2d7       80%         1

Your spell library contained the following spells:

 Spells                   Type           Power      Damage    Failure   Level
 Beastly Appendage        Tmut           8%         N/A       99%         1
 Stone Arrow              Conj/Erth      14%        3d7       100%        3
 Animate Armour           Summ/Erth      14%        N/A       100%        4
 Borgnjor's Revivificati  Necr           2%         N/A       100%        8
 Lehudib's Crystal Spear  Conj/Erth      3%         10d3      100%        8
 Necromutation            Tmut/Necr      2%         N/A       100%        8
 Death's Door             Necr           2%         N/A       100%        9


Dungeon Overview and Level Annotations

Branches:
Dungeon (4/15)
 Temple: D:4-7

Altars:
Okawaru
Xom

Shops:
D:2 *

Annotations:
D:4 Duvessa


Innate Abilities, Weirdness & Mutations

You have very sharp teeth.
Your uncanny sense of smell can sniff out nearby items.
Your experience applies equally to all skills.


Message History

The adder barely misses you.
You barely miss the adder.
The adder is moderately wounded.
The adder closely misses you.
You hear a shout!
The adder barely misses you.
You hit the adder.
The adder is severely wounded.
The orc jeers repeatedly.
The adder completely misses you.
You closely miss the adder.
The adder is severely wounded.
The adder bites you but does no damage.
You hit the adder.
You kill the adder!
You hit the orc. You bite the orc.
The orc is severely wounded.
The orc hits you but does no damage.
You hit the orc.
The orc is almost dead.
You hear a shout!
The orc hits you but does no damage.
You hit the orc.
You kill the orc!
You hear a shout!
Things that are here:
a +0 dagger; an orc corpse You hear a shout!
You hear a shout!
Duvessa hits you with a +0 rapier!
It was a potion of enlightenment.
You feel more buoyant. Duvessa hits you with a +0 rapier! x2
* * * LOW HITPOINT WARNING * * *
Okay, then.
Unknown command.
It was a potion of attraction.
You feel attractive to monsters. Duvessa hits you with a +0 rapier!
You die...

#...≈.......≈... .
###.≈≈≈≈≈≈≈≈≈... ..
#...........).
#.###########..########.
#............#.# .
##!..........#.# .
##............#.# .
.......e......#.# .
##########@.....#.# .# .
#.#........#......#.####..
.
#.#.######.#.######.......
#.#.#.[..#.#.# .......
#.#.#..#.#.#.# .......
#.#.####.#.#.######.......
#.#......#.#..............
#.########.#........#
#..........#........#


You could see Duvessa (berserk).

Vanquished Creatures
  Dowan (D:4)
  A hound (D:4)
  6 adders
  A worm (D:3)
  4 dart slugs
  An orc (D:4)
  4 ball pythons
  4 bats
  9 endoplasms
  3 giant cockroaches (D:1)
  5 goblins
  7 hobgoblins
  2 jackals (D:1)
  3 quokkas
  2 frilled lizards
  6 kobolds
  5 rats
64 creatures vanquished.

Vanquished Creatures (collateral kills)
  A ball python (D:3)
  A rat (D:3)
2 creatures vanquished.

Grand Total: 66 creatures vanquished

Notes
Turn   | Place    | Note
-------+----------+-------------------------------------------
     0 | D:1      | promet the Gnoll Wanderer began the quest for the Orb.
     0 | D:1      | promet set off with the following items: a +0 trident, a +0
                  | pair of boots, a scroll of vulnerability, a +0 robe; and
                  | the following spell memorised: Sandblast; and the following
                  | spells available to memorise: Stone Arrow.
     0 | D:1      | Reached XP level 1. HP: 13/13 MP: 4/4
    93 | D:1      | Reached XP level 2. HP: 12/19 MP: 5/5
   614 | D:1      | Reached XP level 3. HP: 25/25 MP: 7/7
  1271 | D:2      | Found Jeijomio's Assorted Antiques.
  1499 | D:2      | Reached skill level 1 in Fighting
  1499 | D:2      | Reached skill level 1 in Short Blades
  1499 | D:2      | Reached skill level 1 in Long Blades
  1499 | D:2      | Reached skill level 1 in Axes
  1499 | D:2      | Reached skill level 1 in Maces & Flails
  1499 | D:2      | Reached skill level 1 in Staves
  1499 | D:2      | Reached skill level 1 in Ranged Weapons
  1499 | D:2      | Reached skill level 1 in Throwing
  1499 | D:2      | Reached skill level 1 in Stealth
  1499 | D:2      | Reached skill level 1 in Shields
  1499 | D:2      | Reached skill level 1 in Unarmed Combat
  1499 | D:2      | Reached skill level 1 in Evocations
  1727 | D:2      | Reached XP level 4. HP: 28/32 MP: 8/8
  2359 | D:3      | Reached skill level 1 in Conjurations
  2359 | D:3      | Reached skill level 1 in Hexes
  2359 | D:3      | Reached skill level 1 in Summonings
  2359 | D:3      | Reached skill level 1 in Necromancy
  2359 | D:3      | Reached skill level 1 in Translocations
  2359 | D:3      | Reached skill level 1 in Transmutations
  2359 | D:3      | Reached skill level 1 in Fire Magic
  2359 | D:3      | Reached skill level 1 in Ice Magic
  2359 | D:3      | Reached skill level 1 in Air Magic
  2359 | D:3      | Reached skill level 1 in Poison Magic
  2618 | D:3      | Found a faded altar of an unknown god.
  2622 | D:3      | Got Plato's Handbook of Configuration
  2652 | D:3      | Identified the +4 chain mail of the Shining One's Envy
                  | {Drain Fly rF+ Will+}
  2901 | D:3      | Found an iron altar of Okawaru.
  2904 | D:3      | Identified the +1 dagger of Prudence {heavy, *Noise rC++
                  | Stlth+}
  3261 | D:4      | Reached XP level 5. HP: 37/37 MP: 9/9
  3280 | D:4      | Found a shimmering altar of Xom.
  3320 | D:4      | Noticed Dowan
  3373 | D:4      | Killed Dowan
  3535 | D:4      | Noticed Duvessa
  3892 | D:4      | Slain by Duvessa

Illustrated notes

Levels and vault maps discovered:
D:1:      minmay_arrival_semitransparent, layout_basic, reono_crystal_passage,
          minmay_misc_feat_tiny, minmay_heptomino_w4
D:2:      layout_rooms, serial_shops, shop, kennysheep_pointless_box
D:3:      layout_rooms, amcnicky_altar_gilded,
          shapermc_ecumenical_altar_rom_forum
D:4:      layout_basic, grunt_temple_overflow_growth_and_decay,
          mainiacjoe_overflow_brackets, minivault_5, uniq_duvessa,
          uniq_blork_the_orc, uniq_sigmund

Skill      XL: |  1  2  3  4  5 |
---------------+----------------+-----
Fighting       | 1 |  1.7
Short Blades   | 1 |  1.7
Long Blades    | 1 |  1.7
Axes           | 1 |  1.7
Maces & Flails | 1 |  1.7
Staves         | 1 |  1.7
Ranged Weapons | 1 |  1.7
Throwing       | 1 |  1.7
Stealth        | 1 |  1.7
Shields        | 1 |  1.7
Unarmed Combat | 1 |  1.7
Evocations     | 1 |  1.7
Spellcasting   | 3 |  3.3
Conjurations   | 1 |  1.3
Hexes          | 1 |  1.3
Summonings     | 1 |  1.3
Necromancy     | 1 |  1.3
Translocations | 1 |  1.3
Transmutations | 1 |  1.3
Fire Magic     | 1 |  1.3
Ice Magic      | 1 |  1.3
Air Magic      | 1 |  1.3
Poison Magic   | 1 |  1.3
Invocations    | 3 |  3.2
Armour         | 3 |  3.1
Earth Magic    | 4 |  4.0
Polearms       | |  6.7
Dodging        | |  4.9

Action                     |  1- 3 |  4- 6 || total
---------------------------+-------+-------++-------
  Melee: Trident           |   112 |   112 ||   224
         Bite              |     3 |     9 ||    12
         Punch             |     2 |       ||     2
         Dagger            |       |     2 ||     2
   Fire: Sling             |       |    22 ||    22
  Throw: Dart              |       |     8 ||     8
   Cast: Sandblast         |     3 |       ||     3
    Use: Scroll            |     6 |     7 ||    13
         Potion            |       |     2 ||     2
   Stab: Sleeping          |     1 |       ||     1
 Armour: Robe              |    14 |     9 ||    23
         Chain mail        |       |    47 ||    47
  Dodge: Dodged            |    53 |    49 ||   102

Table legend: (Time is in decaauts)
 A = Elapsed time spent in this place.
 B = Non-inter-level travel time spent in this place.
 C = Inter-level travel time spent in this place.
 D = Time resting spent in this place.
 E = Time spent auto-exploring this place.
 F = Levels seen in this place.
 G = Mean time per level.
                   A        B        C        D        E       F      G
               +--------+--------+--------+--------+--------+-----+--------+
         Total |   3892 |   3850 |     42 |   1490 |    955 |   4 |  973.0 |
       Dungeon |   3892 |   3850 |     42 |   1490 |    955 |   4 |  973.0 |
               +--------+--------+--------+--------+--------+-----+--------+

Top non-repeatable levels by time:
     D:1: 1266 daAuts
     D:2: 1018 daAuts
     D:3: 876 daAuts
     D:4: 731 daAuts
